 Dungeon Crawl Stone Soup version 0.28-a0-461-g2dc4ca5097 (webtiles) character file.

Game seed: 5153222296801071073

238 robertstho the Magician (level 6, 0/43 HPs)
             Began as a Djinni Fire Elementalist on Sept 13, 2021.
             Slain by Grinder (8 damage)
             ... on level 3 of the Dungeon.
             The game lasted 00:04:08 (4196 turns).

robertstho the Magician (Djinni Fire Elementalist)  Turns: 4196, Time: 00:04:08

Health: 0/43       AC:  3    Str:  7    XL:     6   Next: 28%
Gold:   103        EV: 12    Int: 18    God:
                   SH:  0    Dex: 14

rFire   + + .      SeeInvis .   s - +0 whip (elec)
rCold   x . .      Faith    .   (no shield)
rNeg    . . .      Spirit   .   a - +0 robe
rPois   ∞          Reflect  .   u - +0 helmet
rElec   .          Harm     .   (no cloak)
rCorr   .          Rampage  .   (no gloves)
Will    .....                   (boots unavailable)
Stlth   ++........              (no amulet)
HPRegen 0.14/turn               (no ring)
MPRegen 0.00/turn               (no ring)

@: flying, very slightly contaminated
A: sickness immunity, fire resistance 2, cold vulnerability 1, float, innate
caster, hp casting, extra vitality 1
a: no special abilities


You were on level 3 of the Dungeon.
You visited 1 branch of the dungeon, and saw 3 of its levels.

You collected 103 gold pieces.

Inventory:

Hand Weapons
 e - a +0 short sword
 s - a +0 whip of electrocution (weapon)
Missiles
 d - a throwing net
Armour
 a - a +0 robe (worn)
 u - a +0 helmet (worn)
Jewellery
 h - a ring of wizardry
Scrolls
 b - a scroll of fog {unknown}
 f - 2 scrolls of holy word {unknown}
 g - a scroll of enchant armour {unknown}
 j - a scroll of vulnerability {unknown}
 m - 2 scrolls of teleportation {unknown}
 n - a scroll of noise {unknown}
 p - a scroll of magic mapping {unknown}
 q - a scroll of fear {unknown}
 r - a scroll of enchant weapon {unknown}
Potions
 c - a potion of haste {unknown}
 i - 2 potions of might {unknown}
 k - a potion of magic {unknown}
 l - 2 potions of heal wounds {unknown}
 o - a potion of attraction {unknown}
 t - a potion of invisibility {unknown}


   Skills:
 * Level 1.7 Fighting
 + Level 2.2 Dodging
 + Level 1.9 Stealth
 * Level 4.7 Spellcasting


You couldn't memorise any spells.
You knew the following spells:

 Your Spells              Type           Power      Damage    Failure   Level
a - Foxfire               Conj/Fire      84%        2x1d8     1%          1
b - Scorch                Fire           42%        2d7       3%          2
c - Conjure Flame         Conj/Fire      21%        6-21      6%          3
d - Inner Flame           Hex/Fire       21%        N/A       6%          3
e - Flame Wave            Conj/Fire      21%        3d6       19%         4
f - Magic Dart            Conj           84%        1d7       1%          1
g - Poisonous Vapours     Pois/Air       42%        N/A       3%          2
Your spell library was empty.

Dungeon Overview and Level Annotations

Branches:
Dungeon (3/15)

Altars:
Qazlal
Uskayaw

Annotations:
D:3 Grinder


Innate Abilities, Weirdness & Mutations

You are immune to sickness and miasma.
You are immune to poison.
Your flesh is very heat resistant. (rF++)
You are vulnerable to cold. (rC-)
You float through the air rather than walking.
You learn spells naturally, not from books.
Your magical power is your life essence.
You have superior vitality. (+4 HP)


Message History

You can move again.
Casting: Foxfire (safe; 1% risk of failure)
Confirm with . or Enter, or press ? or * to list all spells.
Flames lash Grinder.
Grinder is heavily wounded.
Grinder's fire resistance burns away.
Grinder barely misses you.
Unknown command.
Casting: Scorch (safe; 3% risk of failure)
Confirm with . or Enter, or press ? or * to list all spells.
You miscast Scorch.
You are very lightly contaminated with residual magic.
Nothing appears to happen.
Grinder barely misses you.
Unknown command.
Casting: Scorch (safe; 3% risk of failure)
Confirm with . or Enter, or press ? or * to list all spells.
Flames lash Grinder.
Grinder is burned terribly!
Grinder is severely wounded.
Grinder barely misses you.
Unknown command.
Casting: Scorch (safe; 3% risk of failure)
Confirm with . or Enter, or press ? or * to list all spells.
Flames lash Grinder.
Grinder is burned terribly!
Grinder is almost dead.
Grinder gestures at you. Pain shoots through your body!
Unknown command.
Casting: Scorch (safe; 3% risk of failure)
Confirm with . or Enter, or press ? or * to list all spells.
Flames lash Grinder.
Grinder is burned terribly!
Grinder is almost dead.
Grinder is no longer more vulnerable to fire.
Grinder gestures at you. Pain shoots through your body!
* * * LOW HITPOINT WARNING * * *
Casting: Scorch (safe; 3% risk of failure)
Confirm with . or Enter, or press ? or * to list all spells.
Flames lash Grinder but do no damage.
* * * LOW HITPOINT WARNING * * *
Grinder hits you!
You die...

########## #
...h....J ####
#.#..h..... P#P##
#.#.## .#.P# #.#§.##
..#.########.#...#
.##.#......#.###.###
P#P.P.######.#°.5.§#
####.....#
#.#..@..##
#..##....#
#...._....#
.........#
#.#.....#.#
.....<...#
#.#☼...°#...
.........# #.###.###
###
.[......>###.....#
..........†..#####
.........#####
.........#


You could see Grinder.

Vanquished Creatures
  A jelly (D:3)
  Jessica (D:3)
  An orc wizard (D:3)
  3 adders
  3 gnolls (D:3)
  2 worms (D:3)
  A dart slug (D:2)
  5 orcs (D:3)
  8 bats
  10 endoplasms
  3 giant cockroaches (D:1)
  5 goblins
  5 hobgoblins
  11 jackals
  5 kobolds
  6 quokkas
  5 ball pythons
  7 rats
82 creatures vanquished.

Vanquished Creatures (collateral kills)
  4 foxfires (D:3)
4 creatures vanquished.

Vanquished Creatures (others)
  399 foxfires
  9 toadstools (D:3)
408 creatures vanquished.

Grand Total: 494 creatures vanquished

Notes
Turn   | Place    | Note
-------+----------+-------------------------------------------
     0 | D:1      | robertstho the Djinni Fire Elementalist began the quest for
                  | the Orb.
     0 | D:1      | Reached XP level 1. HP: 15/15 MP: 0/0
   466 | D:1      | Reached XP level 2. HP: 17/21 MP: 0/0
   842 | D:1      | Reached skill level 3 in Spellcasting
  1197 | D:1      | Reached XP level 3. HP: 23/25 MP: 0/0
  1197 | D:1      | Learned a level 1 spell: Magic Dart
  2250 | D:2      | Reached XP level 4. HP: 15/31 MP: 0/0
  3066 | D:3      | Found a hide-covered altar of Uskayaw.
  3174 | D:3      | Reached XP level 5. HP: 28/36 MP: 0/0
  3174 | D:3      | Learned a level 2 spell: Poisonous Vapours
  3176 | D:3      | Reached skill level 1 in Fighting
  3176 | D:3      | Reached skill level 4 in Spellcasting
  3823 | D:3      | Noticed Jessica
  3832 | D:3      | Reached XP level 6. HP: 36/42 MP: 0/0
  3837 | D:3      | Killed Jessica
  4029 | D:3      | Found a faded altar of an unknown god.
  4118 | D:3      | Found a stormy altar of Qazlal.
  4185 | D:3      | Noticed Grinder
  4188 | D:3      | Paralysed by Grinder for 3 turns
  4196 | D:3      | Slain by Grinder

Illustrated notes

Levels and vault maps discovered:
D:1:      dpeg_arrival_rooms_a, layout_basic, minmay_tromino_i2
D:2:      layout_basic, minmay_tripent
D:3:      cheibrodos_fertilizer, layout_basic, grunt_qazlal_clouds,
          mainiacjoe_overflow_boulevard,
          dreamdust_ecumenical_altar_hidden_monk_grotto, uniq_jessica,
          uniq_grinder

Skill      XL: |  1  2  3  4  5 |
---------------+----------------+-----
Spellcasting   | 3 4 |  4.7
Fighting       | 1 |  1.7
Dodging        | |  2.2
Stealth        | |  1.9

Action                   |  1- 3 |  4- 6 || total
-------------------------+-------+-------++-------
Melee: Whip              |       |     3 ||     3
 Cast: Foxfire           |   113 |   128 ||   241
       Scorch            |       |     8 ||     8
Armor: Robe              |       |     1 ||     1
Dodge: Dodged            |     4 |    11 ||    15

Table legend: (Time is in decaauts)
 A = Elapsed time spent in this place.
 B = Non-inter-level travel time spent in this place.
 C = Inter-level travel time spent in this place.
 D = Time resting spent in this place.
 E = Time spent auto-exploring this place.
 F = Levels seen in this place.
 G = Mean time per level.
                   A        B        C        D        E       F      G
               +--------+--------+--------+--------+--------+-----+--------+
         Total |   4195 |   4170 |     25 |    204 |   3491 |   3 | 1398.3 |
       Dungeon |   4195 |   4170 |     25 |    204 |   3491 |   3 | 1398.3 |
               +--------+--------+--------+--------+--------+-----+--------+

Top non-repeatable levels by time:
     D:1: 2441 daAuts
     D:3: 1129 daAuts
     D:2: 625 daAuts
